 Dungeon Sprint DCSS version 0.19-a0-147-g6f47703 (webtiles) character file.

96267 Kidiri the Imperceptible (level 14, -14/77 HPs)
             Began as a Spriggan Enchanter on May 18, 2016.
             Was the Champion of Dithmenos.
             Demolished by a vampire knight (25 damage)
             ... in the Dungeon (Sprint III: "The Ten Rune Challenge").
             The game lasted 00:38:01 (7065 turns).

Kidiri the Imperceptible (Spriggan Enchanter)       Turns: 7065, Time: 00:38:02

Health: -14/77     AC:  7    Str:  9      XL:     14   Next: 86%
Magic:  47/47      EV: 36    Int: 18 (21) God:    Dithmenos [******]
Gold:   101        SH: 10    Dex: 19      Spells: 10 memorised, 2 levels left

rFire  . . .     SeeInvis +     H - +4 rapier (holy)
rCold  + . .     Gourm    .     b - +2 robe
rNeg   . . .     Faith    .     G - +3 buckler
rPois  .         Spirit   .     B - +3 crown of Dyrovepreva {rElec Int+2 SInv}
rElec  +         Dismiss  .     (no cloak)
rCorr  .         Reflect  .     (gloves unavailable)
SustAt .         Harm     .     (boots unavailable)
MR     ++...     NoTele   +     j - amulet of regeneration
Stlth  ++++++++++               w - ring of Quatzirph {rC+ Str+5}
                                e - ring "Wegip" {MP+9 Slay+2}

@: wreathed by umbra, drained, very quick, very resistant to hostile
enchantments, uncannily stealthy
A: unfitting armour, see invisible, herbivore 3, speed 3, slow metabolism 2
a: Shadow Step, Shadow Form, Renounce Religion
}: 2/10 runes: decaying, serpentine


You were in the Dungeon.
You worshipped Dithmenos.
Dithmenos was exalted by your worship.
You were completely stuffed.

You visited 1 branch You collected 2785 gold pieces.
You spent 2684 gold pieces at shops.

Inventory:

Hand Weapons
 a - the +8 quick blade of Taxation {pain, rC+ Str+4}
   (You found it in the Dungeon)

   In the hands of one skilled in necromantic magic, it inflicts extra damage on
   living creatures.
   It affects your strength (+4).
   It protects you from cold.
 H - a +4 rapier of holy wrath (weapon)
Missiles
 t - 10 throwing nets (quivered)
Armour
 b - a +2 robe (worn)
 B - the +3 crown of Dyrovepreva (worn) {rElec Int+2 SInv}
   (You bought it in a shop in the Dungeon)

   It affects your intelligence (+2).
   It insulates you from electricity.
   It lets you see invisible.
 G - a +3 buckler (worn)
Jewellery
 e - the ring "Wegip" (left hand) {MP+9 Slay+2}
   (You took it off a deep elf high priest in the Dungeon)

   [ring of magical power]

   It affects your accuracy and damage with ranged weapons and melee attacks
   (+2).
   It affects your magic capacity (+9).
 j - an amulet of regeneration (around neck)
 w - the ring of Quatzirph (right hand) {rC+ Str+5}
   (You found it in the Dungeon)

   [ring of protection from cold]

   It affects your strength (+5).
   It protects you from cold.
Wands
 c - a wand of lightning (4/15)
 z - a wand of acid (5/15)
Scrolls
 f - 5 scrolls of amnesia
 g - a scroll of blinking
 l - 2 scrolls of silence
 q - a scroll of holy word
 s - a scroll of remove curse
Potions
 h - a potion of ambrosia
 i - a potion of berserk rage
 k - a potion of curing
 m - a potion of haste
 o - a potion of cure mutation
 x - a potion of brilliance
 C - a potion of magic
 E - 3 potions of might
Books
 A - The Advanced Guide to Spellweaving
   (You found it in the Dungeon)

   Spells                             Type                      Level
   a - Conjure Ball Lightning         Conjuration/Air              6
   b - Poisonous Cloud                Conjuration/Poison/Air       6
   c - Bolt of Fire                   Conjuration/Fire             6
   d - Freezing Cloud                 Conjuration/Ice/Air          6
   e - Invisibility                   Hexes                        6
   f - Hydra Form                     Transmutation                6
Miscellaneous
 D - 2 phantom mirrors
 F - a plain deck of changes {the Blade}
 I - a plain deck of defence {the Tomb}
Comestibles
 d - a bread ration
 n - 29 royal jellies


   Skills:
 + Level 10.1(9.6) Fighting
 * Level 17.3(16.7) Short Blades
 + Level 9.2(8.8) Armour
 * Level 21.6(21.0) Dodging
 * Level 23.2(22.6) Stealth
 + Level 3.2(2.8) Shields
 * Level 19.1(18.5) Spellcasting
 + Level 9.2(8.7) Conjurations
 + Level 14.1(13.6) Hexes
 * Level 11.1(10.6) Ice Magic
 + Level 5.0(4.6) Air Magic
 + Level 5.3(4.8) Earth Magic
 + Level 5.8(5.3) Poison Magic
 - Level 2.8(2.4) Invocations


You had 2 spell levels left.
You knew the following spells:

 Your Spells              Type           Power        Failure   Level  Hunger
a - Corona                Hex            ######.      1%          1    None
b - Ensorcelled Hibernat  Hex/Ice        ######       1%          2    None
c - Confuse               Hex            ######..     1%          3    None
d - Tukima's Dance        Hex            ######..     1%          3    None
e - Dazzling Spray        Conj/Hex       ######       1%          3    None
f - Invisibility          Hex            ######..     2%          6    #####..
g - Poison Arrow          Conj/Pois      #####.....   38%         6    #####..
h - Chain Lightning       Conj/Air       #####.....   100%        8    #######
i - Lehudib's Crystal Sp  Conj/Erth      #####.....   100%        8    #######
j - Glaciate              Conj/Ice       ######....   100%        9    #######


Dungeon Overview and Level Annotations

Branches:
Dungeon (1/1)

Altars:
Cheibriados
Dithmenos
Elyvilon
Fedhas
Gozag
Kikubaaqudgha
Makhleb
Nemelex Xobeh
Okawaru
Pakellas
Qazlal
Ru
Sif Muna
Trog
Vehumet
Xom
Yredelemnul
Zin
The Shining One
Jiyva
Lugonu

Shops:
D =[!=:(?([!(?}[:%=**

Annotations:
D exclusion: 2 doors


Innate Abilities, Weirdness & Mutations

You are tiny and cannot use many weapons and most armour.
You have supernaturally acute eyesight.
You are a herbivore.
You cover ground extremely quickly.
You need consume almost no food.


Message History

You resist with almost no effort.
You hit the vampire knight but do no damage.
The vampire knight is severely damaged.
The vampire knight completely misses you.
You block the vampire knight's attack.
You completely miss the vampire knight.
The vampire knight is severely damaged.
Your war axe hits the vampire knight.
The vampire knight hits you!!
* * * LOW HITPOINT WARNING * * *
You emit a cloud of dark smoke.
The vampire knight completely misses you.
You hit the vampire knight but do no damage.
The vampire knight is severely damaged.
The vampire knight is infused with unholy energy.
* * * LOW HITPOINT WARNING * * *
The vampire knight draws life force from you and is healed!
Unknown command.
Drink which item? (? for menu, Esc to quit)
You feel better. The vampire knight hits you!!
You die...

.∩∩∩∩.#)....#.#..#....(^#
......#.#)#.+.#..#......#
##++###..#..#.#..#....^^#
.♣..♣.#)....###########'#
......####### #######.#
......# #)#.#[#.# ......#
+#+#+#+#+#+#+#'# ......#
...§§§§§§§§...^# #######
..^§§§§@§§§§..^#
+#+#+#+#V#+#+#+# (#.#?#)#
▓▓▓▓▓▓▓▓


You could see a vampire knight (invisible) and a friendly war axe.

Vanquished Creatures
  Norris (D)
  Sigmund (D)
  A bone dragon (D)
  Rupert (D)
  A deep elf master archer (D)
  A lich (D)
  Gastronok (D)
  Chuck (D)
  2 shadow dragons (D)
  Maud (D)
  A greater naga (D)
  A vampire knight (D)
  2 dire elephants (D)
  2 deep elf annihilators (D)
  A deep elf demonologist (D)
  A deep elf death mage (D)
  A yaktaur captain (D)
  A fire dragon (D)
  A deep elf high priest (D)
  A naga warrior (D)
  Erolcha (D)
  3 hydras (D)
  3 anacondas (D)
  A centaur warrior (D)
  An ogre mage (D)
  4 death yaks (D)
  4 dancing weapons (D)
  A deep elf knight (D)
  A skeletal warrior (D)
  3 death drakes (D)
  A spriggan druid (D)
  A spectral hydra (D)
  An obsidian statue (D)
  6 deep elf magi (D)
  An orange crystal statue (D)
  A lindwurm (D)
  4 ugly things (D)
  A guardian serpent (D)
  4 black mambas (D)
  2 elephants (D)
  Edmund (D)
  2 spiny frogs (D)
  A rime drake (D)
  A komodo dragon (D)
  A guardian mummy (D)
  3 wandering mushrooms (D)
  4 spriggan defenders (D)
  A queen bee (D)
  A boulder beetle (shapeshifter) (D)
  3 orc high priests (D)
  2 giant leeches (D)
  10 slime creatures (D)
  8 blink frogs (D)
  A shadow (D)
  5 redbacks (D)
  2 spriggans (D)
  2 hill giants (D)
  2 nagas (D)
  A spatial vortex (D)
  4 water moccasins (D)
  A swamp drake (D)
  4 orc warriors (D)
  A necrophage (D)
  3 swamp dragon skeletons (D)
  3 two-headed ogres (D)
  A water elemental (D)
  A scorpion (D)
  32 killer bees (D)
  An electric eel (D)
  A wizard (D)
  A jelly (D)
  2 orc priests (D)
  2 orc wizards (D)
  Jessica (D)
  2 necromancers (D)
  A kobold demonologist (D)
  3 humans (D)
  2 adders (D)
  2 oozes (D)
  11 orcs (D)
  A quokka zombie (D)
  A rat (D)
  2 plants (D)
201 creatures vanquished.

Vanquished Creatures (others)
  2 draconian scorchers (D)
  6 hellions (D)
  2 yaktaurs (D)
  A bush (D)
  3 plants (D)
14 creatures vanquished.

Grand Total: 215 creatures vanquished

Notes
Turn   | Place    | Note
--------------------------------------------------------------
     0 | D        | Kidiri the Spriggan Enchanter began the quest for the Orb.
     0 | D        | Reached XP level 1. HP: 9/9 MP: 5/5
     9 | D        | Reached skill level 5 in Stealth
    29 | D        | Reached XP level 2. HP: 10/14 MP: 4/7
    33 | D        | Learned a level 2 spell: Ensorcelled Hibernation
    35 | D        | Killed a yaktaur
   107 | D        | Killed a hellion
   109 | D        | Killed a hellion
   112 | D        | Killed a hellion
   112 | D        | Killed a hellion
   112 | D        | Killed a hellion
   118 | D        | Killed a hellion
   136 | D        | Noticed Jessica
   142 | D        | Killed Jessica
   142 | D        | Reached skill level 1 in Fighting
   142 | D        | Reached skill level 1 in Armour
   142 | D        | Reached skill level 6 in Stealth
   142 | D        | Reached XP level 3. HP: 18/18 MP: 4/9
   147 | D        | Learned a level 3 spell: Confuse
   151 | D        | Learned a level 3 spell: Dazzling Spray
   198 | D        | Noticed a scorpion
   251 | D        | Killed a white draconian scorcher
   286 | D        | Killed a white draconian scorcher
   338 | D        | Reached skill level 5 in Dodging
   338 | D        | Reached skill level 1 in Ice Magic
   443 | D        | Killed a scorpion
   443 | D        | Reached skill level 7 in Stealth
   443 | D        | Reached skill level 5 in Spellcasting
   443 | D        | Reached skill level 1 in Conjurations
   443 | D        | Reached XP level 4. HP: 23/23 MP: 1/12
   448 | D        | Learned a level 3 spell: Tukima's Dance
   547 | D        | Gained mutation: Armour fits poorly on your strangely shaped body. [potion of mutation]
   547 | D        | Gained mutation: You are agile. (Dex +2) [potion of mutation]
   547 | D        | Gained mutation: You have sharp toenails. [potion of mutation]
   548 | D        | Gained mutation: You can translocate small distances at will. [potion of mutation]
   548 | D        | Lost mutation: You are agile. (Dex +2) [potion of mutation]
   548 | D        | Gained mutation: You expend magic power (3 MP) to strengthen your wands. [potion of mutation]
   549 | D        | Lost mutation: You have sharp toenails. [potion of mutation]
   550 | D        | Lost mutation: You expend magic power (3 MP) to strengthen your wands. [potion of cure mutation]
   550 | D        | Lost mutation: You can translocate small distances at will. [potion of cure mutation]
   551 | D        | Lost mutation: Armour fits poorly on your strangely shaped body. [potion of cure mutation]
   559 | D        | Noticed a water elemental
   586 | D        | Killed a water elemental
   586 | D        | Reached skill level 8 in Stealth
   586 | D        | Reached XP level 5. HP: 22/26 MP: 2/14
   722 | D        | Noticed a shadow
   724 | D        | Killed a shadow
   724 | D        | Reached skill level 5 in Short Blades
   724 | D        | Reached skill level 9 in Stealth
   724 | D        | Reached skill level 5 in Hexes
   724 | D        | Reached XP level 6. HP: 32/32 MP: 14/16
   787 | D        | Found an oddly glowing altar of Pakellas.
   787 | D        | Found a stormy altar of Qazlal.
   788 | D        | Found a sacrificial altar of Ru.
   788 | D        | Found a burning altar of Makhleb.
   788 | D        | Found a viscous altar of Jiyva.
   788 | D        | Found a shimmering altar of Xom.
   788 | D        | Found a shadowy altar of Dithmenos.
   788 | D        | Found a sparkling altar of Nemelex Xobeh.
   788 | D        | Found a corrupted altar of Lugonu.
   788 | D        | Found an opulent altar of Gozag.
   788 | D        | Noticed a spatial vortex
   790 | D        | Killed a spatial vortex
   790 | D        | Reached skill level 10 in Stealth
   793 | D        | Became a worshipper of Dithmenos the Shadowed
   821 | D        | Found a radiant altar of Vehumet.
   822 | D        | Found a deep blue altar of Sif Muna.
   822 | D        | Found an ancient bone altar of Kikubaaqudgha.
   846 | D        | Found a glowing silver altar of Zin.
   847 | D        | Found a glowing golden altar of the Shining One.
   847 | D        | Found a white marble altar of Elyvilon.
   847 | D        | Noticed a deep elf mage
   849 | D        | Killed a deep elf mage
   849 | D        | Reached * piety under Dithmenos
   849 | D        | Reached skill level 10 in Dodging
   849 | D        | Reached skill level 11 in Stealth
   849 | D        | Reached XP level 7. HP: 37/37 MP: 18/20
   860 | D        | Found an iron altar of Okawaru.
   861 | D        | Found a bloodstained altar of Trog.
   861 | D        | Noticed a human
   861 | D        | Noticed a human
   863 | D        | Killed a human
   863 | D        | Reached XP level 8. HP: 42/42 MP: 20/22
   864 | D        | Reached skill level 12 in Stealth
   879 | D        | Found a snail-covered altar of Cheibriados.
   880 | D        | Found a basalt altar of Yredelemnul.
   880 | D        | Found a blossoming altar of Fedhas.
   881 | D        | Reached ** piety under Dithmenos
   905 | D        | Reached *** piety under Dithmenos
  1095 | D        | Noticed Erolcha
  1097 | D        | Killed Erolcha
  1097 | D        | Reached skill level 13 in Stealth
  1097 | D        | Reached skill level 10 in Spellcasting
  1097 | D        | Reached XP level 9. HP: 46/46 MP: 22/24
  1098 | D        | Reached **** piety under Dithmenos
  1127 | D        | Reached skill level 5 in Fighting
  1218 | D        | Noticed a queen bee
  1225 | D        | Killed a queen bee
  1242 | D        | Reached skill level 14 in Stealth
  1255 | D        | Reached ***** piety under Dithmenos
  1265 | D        | Killed a yaktaur
  1635 | D        | Reached skill level 5 in Ice Magic
  1638 | D        | Reached skill level 10 in Short Blades
  1649 | D        | Reached ****** piety under Dithmenos
  1799 | D        | Reached XP level 10. HP: 51/51 MP: 24/26
  2064 | D        | Reached skill level 5 in Armour
  2068 | D        | Reached skill level 5 in Conjurations
  2145 | D        | Noticed a spiny frog
  2145 | D        | Noticed a spiny frog
  2148 | D        | Killed a spiny frog
  2148 | D        | Reached skill level 15 in Stealth
  2150 | D        | Killed a spiny frog
  2179 | D        | Noticed a lindwurm
  2182 | D        | Killed a lindwurm
  2191 | D        | Noticed Maud
  2194 | D        | Killed Maud
  2194 | D        | Reached skill level 16 in Stealth
  2194 | D        | Reached XP level 11. HP: 58/58 MP: 24/29
  2221 | D        | Noticed an eight-headed hydra
  2221 | D        | Noticed a four-headed hydra
  2226 | D        | Killed an eight-headed hydra
  2226 | D        | Reached skill level 15 in Dodging
  2227 | D        | Killed a four-headed hydra
  2227 | D        | Reached skill level 10 in Hexes
  2288 | D        | Noticed a death drake
  2291 | D        | Killed a death drake
  2298 | D        | Found a blossoming altar of Fedhas.
  2298 | D        | Noticed a spriggan druid
  2300 | D        | Killed a spriggan druid
  2301 | D        | Reached skill level 17 in Stealth
  2359 | D        | Noticed a death drake
  2361 | D        | Killed a death drake
  2365 | D        | Noticed a death drake
  2366 | D        | Found Wugysaemp's Book Emporium.
  2367 | D        | Killed a death drake
  2371 | D        | Found Lazxec's Antique Weapon Shop.
  2432 | D        | Found Hineryv's Magic Scroll Shoppe.
  2480 | D        | Noticed a five-headed hydra
  2483 | D        | Killed a five-headed hydra
  2488 | D        | Got a decaying rune of Zot
  2694 | D        | Noticed Rupert
  2764 | D        | Killed Rupert
  2764 | D        | Reached skill level 18 in Stealth
  2764 | D        | Reached XP level 12. HP: 60/63 MP: 0/31
  2923 | D        | Noticed a death yak
  2924 | D        | Noticed a death yak
  2925 | D        | Killed a death yak
  2926 | D        | Noticed an azure jelly
  2926 | D        | Noticed a death yak
  2926 | D        | Noticed an azure jelly
  2926 | D        | Noticed a death yak
  2927 | D        | Killed a death yak
  2927 | D        | Reached skill level 15 in Spellcasting
  2930 | D        | Killed a death yak
  2932 | D        | Killed a death yak
  2991 | D        | Noticed an anaconda
  2992 | D        | Reached skill level 19 in Stealth
  2996 | D        | Killed an anaconda
  3018 | D        | Noticed an anaconda
  3019 | D        | Noticed an anaconda
  3020 | D        | Killed an anaconda
  3024 | D        | Killed an anaconda
  3042 | D        | Noticed a naga warrior
  3042 | D        | Noticed a greater naga
  3042 | D        | Found Nera's Jewellery Boutique.
  3042 | D        | Found Fasti's Antique Armour Emporium.
  3045 | D        | Found Niyfrouz's Distillery.
  3046 | D        | Killed a greater naga
  3047 | D        | Killed a naga warrior
  3066 | D        | Got a serpentine rune of Zot
  3131 | D        | Noticed an azure jelly
  3131 | D        | Noticed an azure jelly
  3156 | D        | Noticed a dire elephant
  3156 | D        | Noticed a dire elephant
  3156 | D        | Noticed Gastronok
  3158 | D        | Killed Gastronok
  3158 | D        | Reached skill level 20 in Stealth
  3158 | D        | Reached XP level 13. HP: 69/69 MP: 34/34
  3173 | D        | Killed a dire elephant
  3444 | D        | Killed a dire elephant
  3444 | D        | Reached skill level 15 in Short Blades
  3641 | D        | Found Zequfo's Jewellery Boutique.
  3846 | D        | Noticed a deep elf annihilator
  4237 | D        | Bought a book of Annihilations for 1545 gold pieces
  4239 | D        | Bought a scroll of enchant armour for 75 gold pieces
  4239 | D        | Bought a scroll of enchant armour for 75 gold pieces
  4239 | D        | Bought a scroll of identify for 20 gold pieces
  4239 | D        | Bought a scroll of identify for 20 gold pieces
  4239 | D        | Bought a scroll of enchant armour for 75 gold pieces
  4357 | D        | Noticed a deep elf annihilator
  4357 | D        | Noticed a deep elf demonologist
  4360 | D        | Noticed a deep elf death mage
  4362 | D        | Noticed a blizzard demon
  4364 | D        | Killed a deep elf demonologist
  4368 | D        | Killed a deep elf death mage
  4553 | D        | Noticed a deep elf master archer
  4557 | D        | Killed a deep elf annihilator
  4566 | D        | Learned a level 6 spell: Poison Arrow
  4575 | D        | Learned a level 8 spell: Chain Lightning
  4584 | D        | Learned a level 8 spell: Lehudib's Crystal Spear
  4594 | D        | Learned a level 9 spell: Glaciate
  4606 | D        | Killed a deep elf annihilator
  4606 | D        | Reached skill level 21 in Stealth
  4903 | D        | Reached skill level 1 in Air Magic
  4903 | D        | Reached skill level 1 in Poison Magic
  5106 | D        | Reached skill level 1 in Earth Magic
  5263 | D        | Killed a deep elf master archer
  5376 | D        | Got a pitted brass ring
  5391 | D        | Got a fine golden ring
  5393 | D        | Identified The Advanced Guide to Spellweaving
  5393 | D        | Identified the Collected Works on Glamour and Summoning
  5500 | D        | Identified the ring "Wegip" {MP+9 Slay+2} (You took it off a deep elf high priest in the Dungeon)
  5505 | D        | Identified the ring of Quatzirph {rC+ Str+5} (You found it in the Dungeon)
  5681 | D        | Noticed Sigmund
  5681 | D        | Noticed Edmund
  5683 | D        | Killed Sigmund
  5685 | D        | Killed Edmund
  5808 | D        | Found Vofyek's Gadget Emporium.
  5808 | D        | Found Vaoritti's Book Shop.
  5808 | D        | Found Gyamefot's Antique Weapon Boutique.
  5808 | D        | Found Utonuerr's General Store.
  5808 | D        | Found Yramaji's Magic Scroll Boutique.
  5808 | D        | Found Fyturo's Armour Emporium.
  5808 | D        | Found Asek's Distillery.
  5808 | D        | Found Immulau's Assorted Antiques.
  5808 | D        | Found Bynicym's Antique Armour Shop.
  5808 | D        | Found Zudwilug's Jewellery Emporium.
  5808 | D        | Found Gotaf Fog's Antique Weapon Emporium.
  5808 | D        | Found Misiesaov's Food Boutique.
  5828 | D        | Bought the +3 crown of Dyrovepreva {rElec Int+2 SInv} for 414 gold pieces
  5841 | D        | Bought a scroll of identify for 56 gold pieces
  5841 | D        | Bought a scroll of identify for 56 gold pieces
  5841 | D        | Bought a scroll of identify for 56 gold pieces
  5851 | D        | Bought a buckler for 112 gold pieces
  5852 | D        | Bought a runed rapier for 76 gold pieces
  5869 | D        | Bought a scroll of enchant weapon for 82 gold pieces
  5869 | D        | Bought a scroll of identify for 22 gold pieces
  5985 | D        | Noticed a fire dragon
  5989 | D        | Killed a fire dragon
  5989 | D        | Reached XP level 14. HP: 75/75 MP: 36/36
  6041 | D        | Reached skill level 1 in Shields
  6066 | D        | Reached skill level 22 in Stealth
  6081 | D        | Reached skill level 10 in Ice Magic
  6111 | D        | Got an ivory quick blade
  6112 | D        | Identified the +8 quick blade of Taxation {pain, rC+ Str+4} (You found it in the Dungeon)
  6189 | D        | Learned a level 6 spell: Invisibility
  6534 | D        | Noticed Chuck
  6565 | D        | Killed Chuck
  6738 | D        | Noticed Norris
  6745 | D        | Killed Norris
  6766 | D        | Noticed a lich
  6771 | D        | Killed a lich
  6784 | D        | Noticed a shadow dragon
  6785 | D        | Noticed a shadow dragon
  6787 | D        | Killed a shadow dragon
  6787 | D        | Reached skill level 5 in Poison Magic
  6790 | D        | Killed a shadow dragon
  6790 | D        | Reached skill level 10 in Fighting
  6820 | D        | Reached skill level 23 in Stealth
  6922 | D        | Noticed a bone dragon
  6924 | D        | Killed a bone dragon
  6924 | D        | Reached skill level 5 in Earth Magic
  6930 | D        | Noticed a vampire knight
  6932 | D        | Killed a vampire knight
  6964 | D        | Reached skill level 5 in Air Magic
  7041 | D        | Noticed a vampire knight
  7065 | D        | Demolished by a vampire knight

Vault maps used:
D:        dungeon_sprint_mu

Skill      XL: |  1  2  3  4  5  6  7  8  9 10 11 12 13 14 |
---------------+-------------------------------------------+-----
Stealth        | 5 6 7 8 9 11 13 14 16 18 20 21 23 | 23.2
Spellcasting   | 3 4 5 6 8 9 10 11 13 14 16 17 19 | 19.1
Fighting       | 1 2 3 4 5 6 7 8 9 10 | 10.1
Short Blades   | 2 3 4 5 7 9 10 11 13 14 16 17 | 17.3
Armour         | 1 2 3 4 5 6 7 8 9 |  9.2
Dodging        | 4 5 6 7 10 11 12 14 16 18 20 21 | 21.6
Hexes          | 4 5 6 7 8 9 11 12 13 14 | 14.1
Ice Magic      | 1 2 3 4 5 6 7 8 9 11 | 11.1
Conjurations   | 1 2 3 4 5 6 7 8 9 |  9.2
Invocations    | 2 |  2.8
Air Magic      | 2 5 |  5.0
Poison Magic   | 3 5 |  5.8
Earth Magic    | 2 5 |  5.3
Shields        | 3 |  3.2

Action                   |  1- 3 |  4- 6 |  7- 9 | 10-12 | 13-15 || total
-------------------------+-------+-------+-------+-------+-------++-------
Melee: Dagger            |    20 |    10 |    84 |    93 |    49 ||   256
       Rapier            |       |       |       |       |    72 ||    72
       Quick blade       |       |       |       |       |    19 ||    19
Throw: Throwing net      |       |       |       |       |     1 ||     1
 Cast: Corona            |     3 |       |       |       |       ||     3
       Ensorcelled Hiber |    10 |     3 |    45 |    17 |     6 ||    81
       Dazzling Spray    |     1 |     4 |     8 |    17 |   133 ||   163
       Confuse           |       |       |       |     8 |     1 ||     9
       Invisibility      |       |       |       |       |     2 ||     2
       Tukima's Dance    |       |       |       |       |     1 ||     1
Invok: Shadow Step       |       |       |     2 |    14 |     8 ||    24
       Shadow Form       |       |       |       |     2 |     1 ||     3
  Use: Potion            |       |     6 |     1 |       |     6 ||    13
       Scroll            |       |     2 |       |       |    14 ||    16
 Stab: Sleeping          |     6 |     6 |    29 |    63 |    33 ||   137
       Invisible         |       |       |     1 |     1 |    15 ||    17
       Confused          |       |       |       |     3 |       ||     3
       Distracted        |       |       |       |       |     1 ||     1
       Held in net/web   |       |       |       |       |     1 ||     1
  Eat: Royal jelly       |       |       |     3 |       |       ||     3
       Fruit             |       |       |       |       |     9 ||     9
Armor: Robe              |     4 |       |     1 |     1 |     4 ||    10
Dodge: Dodged            |    17 |     2 |   110 |    43 |   130 ||   302
Block: Buckler           |       |       |       |       |    12 ||    12
